 Dungeon Crawl Stone Soup version 0.14-a0-1844-g8283a67 (webtiles) character file.

506 4tharraofdagon the Slasher (level 7, -38/54 HPs)
             Began as a Human Chaos Knight on Jan 11, 2014.
             Was a Plaything of Xom.
             Killed by an exploding ball lightning (40 damage)
             ... on Level 4 of the Dungeon.
             The game lasted 00:06:41 (1502 turns).

4tharraofdagon the Slasher (Human Chaos Knight)     Turns: 1502, Time: 00:06:42

HP -38/54        AC 15     Str 14      XL: 7   Next:  4%
MP  10/10        EV  3     Int 13      God: Xom
Gold 126         SH  0     Dex 12      Spells:  0 memorised,  6 levels left

rFire  . . .     SeeInvis .     a - +0 falchion (chaos)
rCold  . . .     Clarity  .     f - +2 plate armour
rNeg   . . .     Conserve .     (no shield)
rPois  .         rCorr    .     x - +0 helmet
rElec  .         rRot     .     (no cloak)
SustAb . .       Spirit   .     (no gloves)
rMut   .         Warding  .     h - +0 pair of boots
Gourm  +         Stasis   .     e - amulet of the gourmand
                                (no ring)
                                (no ring)

@: slightly resistant to hostile enchantments, extremely unstealthy
A: no striking features
a: Renounce Religion


You were on level 4 of the Dungeon.
You worshipped Xom.
You were a favourite toy of Xom.
You were not hungry.

You visited 1 branch of the dungeon, and saw 4 of its levels.

You collected 126 gold pieces.

Inventory:

Hand weapons
 a - a +0,+0 falchion of chaos (weapon)
 t - a +1,+1 orcish trident of protection
Missiles
 w - 14 silver darts (quivered)
Armour
 b - a +2 leather armour
 f - a +2 plate armour (worn)
 h - a +0 pair of boots (worn)
 x - a +0 helmet (worn)
Magical devices
 m - a wand of magic darts (0)
Comestibles
 c - 3 bread rations
 n - a meat ration
 v - an apple
Scrolls
 d - a scroll of fear {unknown}
 g - a scroll of random uselessness {unknown}
 o - a scroll of remove curse {unknown}
 p - a scroll of fog {unknown}
 r - a scroll of noise {unknown}
 s - 2 scrolls of immolation {unknown}
Jewellery
 e - an amulet of the gourmand (around neck)
 k - an uncursed amulet of clarity
Potions
 i - a potion of magic
 j - a potion of heal wounds
 l - 2 potions of poison
 q - a potion of speed
 u - a potion of lignification


   Skills:
 + Level 4.1 Fighting
 * Level 5.3 Long Blades
 + Level 3.5 Armour
 - Level 1.0 Dodging
 + Level 2.7 Evocations


You had 6 spell levels left.
You didn't know any spells.

Dungeon Overview and Level Annotations

Branches:
Dungeon (4/16)             Temple (0/1) D:4

Altars:

Annotations:
D:2 Sigmund


Message History

Your ball lightning completely resists.
The blast of lightning engulfs your ball lightning.
Your ball lightning completely resists.
The blast of lightning engulfs you!
Ouch! That really hurt!
* * * LOW HITPOINT WARNING * * *
The blast of lightning engulfs the hound.
You kill the hound!
Your Fighting skill increases to level 4!
Your Long Blades skill increases to level 5!
Your ball lightning explodes!
The blast of lightning engulfs the ogre.
You kill the ogre!
You have reached level 7!
The blast of lightning engulfs your ball lightning.
Your ball lightning completely resists.
The blast of lightning engulfs you!
Ouch! That really hurt!
You die...
Xom laughs nastily!

............#.#.......####
............#.#.####.....#
............# #.#..%.....#
.............# #<..#......#
.............# #.###......#
...........### #..........##
..........# #.######.......
..........###..............
....<...>..@................
........).*##########.#.....
.....[.....# #.#.....
............# #.#.....
............# #.#.....
............# ###.######
...........# #...#
.|.........# #.###
...........# #.########


You could see a friendly ball lightning.

Vanquished Creatures
  An ogre (D:4)
  A hound (D:4)
  3 orc wizards (D:4)
  A scorpion (D:4)
  3 adders
  3 gnolls (D:2)
  A worm (D:2)
  An ooze (D:1)
  4 orcs
  2 bats
  3 giant cockroaches (D:1)
  8 goblins
  5 hobgoblins
  4 giant newts (D:1)
  5 kobolds
  3 rats
48 creatures vanquished.

Vanquished Creatures (collateral kills)
  A bat (D:2)
1 creature vanquished.

Vanquished Creatures (others)
  A ball lightning (D:4)
  A swamp drake (shapeshifter) (D:2)
  A bat zombie (D:2)
  A gnoll zombie (D:2)
4 creatures vanquished.

Grand Total: 53 creatures vanquished

Notes
Turn   | Place    | Note
--------------------------------------------------------------
     0 | D:1      | 4tharraofdagon, the Human Chaos Knight, began the quest for the Orb.
     0 | D:1      | Reached XP level 1. HP: 18/18 MP: 1/1
    94 | D:1      | XOM: divination: magic mapping
    99 | D:1      | Reached XP level 2. HP: 24/24 MP: 2/2
   289 | D:1      | Reached XP level 3. HP: 29/29 MP: 3/3
   468 | D:2      | XOM: divination: detect creatures
   622 | D:2      | Reached skill level 4 in Long Blades
   622 | D:2      | Reached XP level 4. HP: 33/35 MP: 4/4
   652 | D:2      | XOM: 7-stop teleportation journey
   768 | D:2      | Noticed a crocodile
   768 | D:2      | a worm changed into a crocodile
   773 | D:2      | Noticed a yellow wasp
   773 | D:2      | a crocodile changed into a yellow wasp
   776 | D:2      | Noticed a swamp drake
   776 | D:2      | a yellow wasp changed into a swamp drake
   781 | D:2      | Killed a swamp drake
   781 | D:2      | Reached skill level 1 in Evocations
   781 | D:2      | Reached XP level 5. HP: 33/41 MP: 4/6
   781 | D:2      | XOM: divine lightning (protected)
   841 | D:2      | Noticed Sigmund
   931 | D:3      | XOM: mild Trmt miscast
  1292 | D:4      | Reached XP level 6. HP: 40/48 MP: 7/7
  1390 | D:4      | Found a staircase to the Ecumenical Temple.
  1496 | D:4      | Noticed an ogre
  1501 | D:4      | XOM: cast spell 'Conjure Ball Lightning'
  1502 | D:4      | HP: 2/48 [spore (38)]
  1502 | D:4      | Reached skill level 5 in Long Blades
  1502 | D:4      | Killed an ogre
  1502 | D:4      | Reached XP level 7. HP: 2/54 MP: 10/10
  1502 | D:4      | Killed by an exploding ball lightning

Action                   |  1- 3 |  4- 6 |  7- 9 || total
-------------------------+-------+-------+-------++-------
Melee: Falchion          |    87 |    95 |       ||   182
Evoke: Wand              |     1 |       |       ||     1
  Use: Scroll            |     3 |     2 |       ||     5
       Potion            |       |     4 |       ||     4
 Stab: Confused          |     1 |       |       ||     1
